 Dungeon Crawl Stone Soup version 0.31.0-12-g77e489cdc1 (webtiles) character file.

Game seed: 14325784104762759185

49 Killerpretzel the Changeling (level 3, -2/24 HPs)
             Began as an Octopode Shapeshifter on Feb 11, 2024.
             Slain by a gnoll
             ... wielding a +0 halberd
              (15 damage)
             ... on level 2 of the Dungeon.
             The game lasted 00:00:29 (779 turns).

Killerpretzel the Changeling (Octopode Shapeshifter) Turns: 779, Time: 00:00:30

Health: -2/24      AC:  1    Str: 13    XL:     3   Next: 75%
Magic:  3/3        EV: 13    Int: 12    God:
Gold:   71         SH:  0    Dex: 13    Spells: 2/2 levels left

rFire   . .          .
                       - Unarmed
rCold   . . .        (no shield)
rNeg    . . .        (helmet currently unavailable)
rPois   .            (no amulet)
rElec   .            (no ring)
rCorr   .            (no ring)
SInv    .            (no ring)
Will    .....        (no ring)
Stlth   ++           (no ring)
HPRegen 0.24/turn    (no ring)
MPRegen 0.08/turn    (no ring)
                     (no ring)

%: no passive effects
@: beast-form
A: beast (slay +2), almost no armour, amphibious, 8 rings, camouflage 1,
gelatinous body 1, (nimble swimmer 1), tentacles
a: Begin Untransformation


You were on level 2 of the Dungeon.
You were a hulking beast.
You visited 1 branch of the dungeon, and saw 2 of its levels.

You collected 71 gold pieces.

Inventory:

Talismans
 b - a beast talisman
 c - a flux talisman
Scrolls
 e - 2 scrolls of identify {unknown}
Potions
 a - a potion of lignification
 d - a potion of curing {unknown}


   Skills:
 + Level 1.7 Fighting
 + Level 2.5 Dodging
 + Level 3.3 Unarmed Combat
 * Level 3.5 Shapeshifting


You had 2 spell levels left.
You didn't know any spells.
Your spell library contained the following spells:

 Spells                   Type           Power      Damage    Failure   Level
 Mercury Vapours          Alch/Air       0%         N/A       45%         2
 Mephitic Cloud           Conj/Alch/Air  0%         N/A       69%         3
 Freezing Cloud           Conj/Ice/Air   0%         6-21      100%        5


Dungeon Overview and Level Annotations

Branches:
Dungeon (2/15)

Altars:


Innate Abilities, Weirdness & Mutations

You are a hulking beast.
Your limbs bulge with bestial killing power. (Slay +2)
You cannot wear most types of armour.
You are amphibious.
You can wear up to eight rings at the same time.
Your skin changes colour to match your surroundings (Stealth+).
Your rubbery body absorbs attacks. (AC +1, EV +1)
((You are camouflaged when in or above water. (Stealth+)))
You have tentacles for arms and can constrict up to eight enemies at once.


Message History

The bat hits you. The rat barely misses you.
You tentacle-slap the frilled lizard.
You kill the frilled lizard!
The bat hits you but does no damage. The rat closely misses you.
You bludgeon the rat!
You kill the rat!
The bat hits you.
You closely miss the bat. You grab the bat. You constrict the bat.
The bat barely misses you.
The bat struggles to escape constriction.
The bat misses you.
You tentacle-slap the bat.
You kill the bat!
No target in view!
No target in view!
You see here a +3 mace.
You see here 3 javelins.
e - a scroll labelled IMILATSAFEN No target in view!
No target in view!
No target in view!
No target in view!
No target in view!
No target in view!
No target in view!
No target in view!
No target in view!
No target in view!
e - 2 scrolls labelled IMILATSAFEN (gained 1)
A gnoll comes into view. It is wielding a +0 flail.
A gnoll comes into view. It is wielding a +0 spear.
The gnoll shouts! x2; You hear a shout!
A gnoll comes into view. It is wielding a +0 halberd.
You tentacle-slap the gnoll. You grab the gnoll. You squeeze the gnoll!
You kill the gnoll!
The gnoll hits you from afar with a +0 spear.
The gnoll hits you with a +0 spear!
The gnoll hits you from afar with a +0 halberd!
Ouch! That really hurt!
You die...

#### ### #g. ..#
#g# #.# #.###h#
#.# #...).#
#.#### #.#.!##.#
#..(.#
........#####..#
...............#
#)#.....[#.###.#
# ##.##..#.# #.#
#. #..#.# #.# #
#..#.# #.#.#


You could see 2 gnolls.

Vanquished Creatures
  2 gnolls
  A ball python (D:1)
  4 endoplasms (D:1)
  A giant cockroach (D:2)
  2 goblins (D:1)
  4 hobgoblins (D:1)
  2 kobolds (D:1)
  2 quokkas (D:1)
  2 bats
  3 frilled lizards
  4 rats
27 creatures vanquished.

Notes
Turn   | Place    | Note
-------+----------+-------------------------------------------
     0 | D:1      | Killerpretzel the Octopode Shapeshifter began the quest for
                  | the Orb.
     0 | D:1      | Reached XP level 1. HP: 13/13 MP: 1/1
   140 | D:1      | Reached XP level 2. HP: 12/18 MP: 2/2
   332 | D:1      | Reached XP level 3. HP: 23/23 MP: 3/3
   779 | D:2      | Slain by a gnoll

Illustrated notes

Levels and vault maps discovered:
D:1:      moated_graveyard_arrival, layout_loops_ring, serial_glass,
          glass_columns_a, glass_columns_b, feat_on_display,
          minmay_strange_pillars, feat_on_display, minmay_strange_pillars
D:2:      layout_loops_ring, minmay_3d_cube, uniq_crazy_yiuf_cottage,
          uniq_natasha

Action                     || total
---------------------------++-------
  Melee: Unarmed           ||    46
         Constrict         ||    12
         Tentacles         ||     9
         Punch             ||     3
    Use: Scroll            ||     2
   Stab: Sleeping          ||     6
 Armour: Skin              ||    13
  Dodge: Dodged            ||    28
